 Dungeon Crawl Stone Soup version 0.29-a0-344-ge2f44be95a (webtiles) character file.

Game seed: 15251399008396411293

235 spaghetti the Sneak (level 5, 42/45 HPs)
             Began as a Deep Dwarf Hunter on Apr 22, 2022.
             Quit the game on level 2 of the Dungeon.
             The game lasted 00:02:35 (1028 turns).

spaghetti the Sneak (Deep Dwarf Hunter)             Turns: 1028, Time: 00:02:36

Health: 42/45      AC:  4    Str: 15    XL:     5   Next: 76%
Magic:  4/4        EV: 12    Int:  9    God:
Gold:   59         SH:  0    Dex: 18    Spells: 4/4 levels left

rFire   . . .      SeeInvis .   a - +1 hand crossbow {crossbow}
rCold   . . .      Faith    .   (no shield)
rNeg    . . .      Spirit   .   b - +0 leather armour
rPois   .          Reflect  .   (no helmet)
rElec   .          Harm     .   (no cloak)
rCorr   .          Rampage  .   (no gloves)
Will    .....                   i - +0 pair of boots
Stlth   ++++......              (no amulet)
HPRegen 0.00/turn               (no ring)
MPRegen 0.09/turn               (no ring)

@: no status effects
A: damage resistance, heal wounds, sense surroundings 1, no regeneration
a: Heal Wounds


You were on level 2 of the Dungeon.
You visited 1 branch of the dungeon, and saw 2 of its levels.

You collected 59 gold pieces.


Innate Abilities, Weirdness & Mutations

You are resistant to damage.
You can heal yourself by infusing magical energy.
You passively map a small area around you.
You do not regenerate.


   Skills:
 - Level 1.7 Fighting
 - Level 4.3 Crossbows
 - Level 2.1 Dodging
 + Level 7.7 Stealth


You had 4 spell levels left.
You didn't know any spells.
Your spell library contained the following spells:

 Spells                   Type           Power      Damage    Failure   Level
 Slow                     Hex            0%         N/A       45%         1
 Confusing Touch          Hex            0%         N/A       83%         3
 Vampiric Draining        Necr           0%         2d6       83%         3

Inventory:

Hand Weapons
 a - a +1 hand crossbow (weapon) {crossbow}
 h - a +1 whip of electrocution {mace}
   (You took it off a kobold on level 2 of the Dungeon)
 j - a +2 dagger of venom {short}
   (You took it off a kobold on level 1 of the Dungeon)
Missiles
 e - 74 stones {throwing}
Armour
 b - a +0 leather armour (worn)
 i - a +0 pair of boots (worn)
   (You found it on level 1 of the Dungeon)
Jewellery
 k - a ring of flight
   (You found it on level 1 of the Dungeon)
Scrolls
 c - a scroll of immolation {!r!r}
 d - 4 scrolls of identify {unknown}
 f - a scroll of magic mapping {unknown}
 g - a scroll of silence {unknown}

Dungeon Overview and Level Annotations

Branches:
Dungeon (2/15)

Altars:

*##* ####* * . #.. ,
.# ,####. #.#* **
####.#** #....##.#
#..... . ,
#.......#######.##.##.
* ###...#...##.##....
,, #.@##.'...'........
#.##.#.#...##.##.### ,
# * )#†######....... ,
, #..., ####...# *
#..#.#######...# , *,
...............# ,
#.###.##.......## *
#., ..........##
#########..#


There were no monsters in sight!


Message History

You shoot a bolt. The bolt hits Sigmund!
You kill Sigmund!
Your Stealth skill gained 2 levels and is now at level 7!
You have reached level 5! 😨 HP[+3] MP[+1]
You now have 45 max hp (+6).
You regained 3 hp, and now have 17/45 hp.
Your mp is fully restored (5).
Okay, then.
You aren't carrying any potions.
There is an open door here.
Things that are here:
a +0 scythe {polearm}; a +0 robe; the human corpse of Sigmund You open the door.
There is an open door here.
Key pressed, stopping explore.
A hobgoblin comes into view.
A hobgoblin is nearby!
Shoot: a) +1 hand crossbow {crossbow}
Press: ? - help, Q - select action, (/) - cycle Shift-Dir - straight line, f - hobgoblin
Aim: a hobgoblin (asleep, 98% to hit)
You shoot a bolt. The bolt hits the hobgoblin.
The hobgoblin shouts!
Shoot: a) +1 hand crossbow {crossbow}
Press: ? - help, Q - select action, (/) - cycle Shift-Dir - straight line, f/p - hobgoblin
Aim: a hobgoblin (moderately wounded, 65% to hit)
You shoot a bolt. The bolt hits the hobgoblin!
You kill the hobgoblin!
Shoot: a) +1 hand crossbow {crossbow}
Press: ? - help, Q - select action, (/) - cycle Shift-Dir - straight line, f - you That would be overly suicidal.
Okay, then.
You open the door.
There is an open door here.
You open the door.
A ball python comes into view.
There is an open door here.
A ball python is nearby!
A ball python is nearby!
A ball python is nearby!
Shoot: a) +1 hand crossbow {crossbow}
Press: ? - help, Q - select action, (/) - cycle Shift-Dir - straight line, f - ball python
Aim: a ball python (asleep, 98% to hit)
You shoot a bolt. The bolt hits the ball python.
You kill the ball python!
An endoplasm and a bat come into view.
There are monsters nearby!
There are monsters nearby!
Shoot: a) +1 hand crossbow {crossbow}
Press: ? - help, Q - select action, (/) - cycle Shift-Dir - straight line, f - endoplasm
Aim: an endoplasm (asleep, 98% to hit)
You shoot a bolt. The bolt hits the endoplasm.
The endoplasm quivers.
The bat hits you but does no damage.
The endoplasm jiggles.
The bat hits you but does no damage.
Shoot: a) +1 hand crossbow {crossbow}
Press: ? - help, Q - select action, (/) - cycle Shift-Dir - straight line, f/p - endoplasm
Aim: an endoplasm (lightly wounded, 87% to hit)
You shoot a bolt. The bolt hits the endoplasm.
The bat misses you. The bat barely misses you.
The endoplasm closely misses you.
Shoot: a) +1 hand crossbow {crossbow}
Press: ? - help, Q - select action, (/) - cycle Shift-Dir - straight line, f/p - endoplasm
Aim: an endoplasm (heavily wounded, 87% to hit)
You shoot a bolt. The bolt hits the endoplasm.
You kill the endoplasm!
The bat hits you but does no damage. The bat closely misses you.
Shoot: a) +1 hand crossbow {crossbow}
Press: ? - help, Q - select action, (/) - cycle Shift-Dir - straight line, f - bat
Aim: a bat (53% to hit)
You shoot a bolt. The bolt misses the bat.
The bat closely misses you.
Shoot: a) +1 hand crossbow {crossbow}
Press: ? - help, Q - select action, (/) - cycle Shift-Dir - straight line, f/p - bat
Aim: a bat (53% to hit)
You shoot a bolt. The bolt hits the bat.
You kill the bat!
Shoot: a) +1 hand crossbow {crossbow}
Press: ? - help, Q - select action, (/) - cycle Shift-Dir - straight line, f - you That would be overly suicidal.
Okay, then.
Shoot: a) +1 hand crossbow {crossbow}
Press: ? - help, Q - select action, (/) - cycle Shift-Dir - straight line, f - you That would be overly suicidal.
Okay, then.
A goblin comes into view. It is wielding a +0 club.
A goblin is nearby!
A goblin is nearby!
A goblin is nearby!
Shoot: a) +1 hand crossbow {crossbow}
Press: ? - help, Q - select action, (/) - cycle Shift-Dir - straight line, f - goblin
Aim: a goblin, wielding a +0 club (asleep, 98% to hit)
You shoot a bolt. The bolt hits the goblin!
You kill the goblin!
Your magical essence is drained by the effort!
You feel much better. 😕 HP[+25] MP[-1]
You regained 25 hp, and now have 42/45 hp.
Are you sure you want to abandon this character and quit the game? (Confirm with "yes".)

Skill      XL: |  1  2  3  4 |
---------------+-------------+-----
Stealth        | 2 4 5 7 |  7.7
Fighting       | |  1.7
Crossbows      | |  4.3
Dodging        | |  2.1

Action                   |  1- 3 |  4- 6 || total
-------------------------+-------+-------++-------
 Fire: Hand crossbow     |    90 |    20 ||   110
 Abil: Heal Wounds       |       |     1 ||     1
  Use: Potion            |       |     2 ||     2
Armor: Leather armour    |     9 |     3 ||    12
Dodge: Dodged            |    21 |    11 ||    32

Levels and vault maps discovered:
D:1:      giann_forest_graveyard, layout_rooms, chequers_serial_rivers_small_b,
          lemuel_flame_loot_1
D:2:      minmay_razor_zed, layout_basic, minmay_tetromino_l4, uniq_natasha,
          uniq_jessica, uniq_sigmund

Notes
Turn   | Place    | Note
-------+----------+-------------------------------------------
     0 | D:1      | spaghetti the Deep Dwarf Hunter began the quest for the
                  | Orb.
     0 | D:1      | Reached XP level 1. HP: 19/19 MP: 1/1
     0 | D:1      | magus.rc [v1.9.6]
    76 | D:1      | Reached skill level 2 in Stealth
   134 | D:1      | Reached XP level 2. HP: 26/26 MP: 2/2
   139 | D:1      | Reached skill level 3 in Stealth
   494 | D:1      | Reached skill level 4 in Stealth
   514 | D:1      | Reached XP level 3. HP: 32/32 MP: 3/3
   562 | D:1      | You pick up a book of Debilitation and begin reading...
   562 | D:1      | You add the spells Slow, Vampiric Draining and Confusing
                  | Touch to your library.
   826 | D:2      | Noticed Jessica
   834 | D:2      | Killed Jessica
   835 | D:2      | Reached skill level 5 in Stealth
   835 | D:2      | Reached XP level 4. HP: 26/39 MP: 4/4
   961 | D:2      | Noticed Sigmund
   973 | D:2      | Killed Sigmund
   974 | D:2      | Reached skill level 7 in Stealth
   974 | D:2      | Reached XP level 5. HP: 17/45 MP: 5/5
  1028 | D:2      | Quit the game

Vanquished Creatures
  Sigmund (D:2)
  Jessica (D:2)
  An adder (D:2)
  A dart slug (D:1)
  2 ball pythons
  7 endoplasms
  A giant cockroach (D:1)
  6 goblins
  3 hobgoblins
  4 jackals (D:1)
  A quokka (D:2)
  4 bats
  3 frilled lizards
  9 kobolds
  3 rats (D:1)
47 creatures vanquished.

Table legend:
 A = Non-vault XP
 B = Vault XP
 C = Vault XP percentage of total XP
 D = Non-vault monster count
 E = Vault monster count
 F = Vault count percentage of total count
                 A         B        C        D         E       F
            +---------+---------+-------+---------+---------+-------
      Total |      81 |     255 |  75.9 |      43 |       4 |   8.5
            +---------+---------+-------+---------+---------+-------
        D:1 |      50 |       0 |   0.0 |      30 |       0 |   0.0
        D:2 |      31 |     255 |  89.2 |      13 |       4 |  23.5
            +---------+---------+-------+---------+---------+-------

Illustrated notes

Table legend:
 A = Kills in this place as a percentage of kills in entire the game.
 B = Kills by you in this place as a percentage of kills by you in the entire game.
 C = Kills by friends in this place as a percentage of kills by friends in the entire game.
 D = Other kills in this place as a percentage of other kills in the entire game.
 E = Experience gained in this place as a percentage of experience gained in the entire game.
 F = Experience gained in this place divided by the number of levels of this place that you have seen.
                   A       B       C       D       E      F
               +-------+-------+-------+-------+-------+----------------------
         Total | 100.0 | 100.0 |   N/A |   N/A | 100.0 | 168.0
       Dungeon | 100.0 | 100.0 |   N/A |   N/A | 100.0 | 168.0
               +-------+-------+-------+-------+-------+----------------------

Table legend: (Time is in decaauts)
 A = Elapsed time spent in this place.
 B = Non-inter-level travel time spent in this place.
 C = Inter-level travel time spent in this place.
 D = Time resting spent in this place.
 E = Time spent auto-exploring this place.
 F = Levels seen in this place.
 G = Mean time per level.
                   A        B        C        D        E       F      G
               +--------+--------+--------+--------+--------+-----+--------+
         Total |   1066 |   1031 |     35 |    100 |    706 |   2 |  533.0 |
       Dungeon |   1066 |   1031 |     35 |    100 |    706 |   2 |  533.0 |
               +--------+--------+--------+--------+--------+-----+--------+

Top non-repeatable levels by time:
     D:1: 709 daAuts
     D:2: 357 daAuts
